Map: 포트 알렉산더 - 래더

Players

Hurricane

  • Race: Protoss Protoss
  • League: Master
  • Spawn Location: 11:00

Classic - Winner!

  • Race: Protoss Protoss
  • League: Master
  • Spawn Location: 5:00

Event: IEM Season 13 - Katowice Server Qualifiers Asia 2

VOD

Have the link to the VOD?

Description

Time

  • Played on: Jan. 22, 2019, 4:59 a.m.
  • Length: 10:30

All games in this series

Show
View Real Time Build Order
Export as new Build Order

Hurricane Protoss 

Build Orders: Phoenix Opening 

Get SALT Encoding   

  12  0:00  Probe  
  13  0:13  Probe  
  14  0:18  Pylon  
  14  0:24  Probe  
  15  0:33  Probe  
  15  0:39  Gateway  
  15  0:41  Probe  
  16  0:47  Assimilator  
  17  0:51  Probe  
  17  0:55  Assimilator  
  18  0:59  Probe  
  19  1:08  Probe  
  19  1:09  Gateway  
  19  1:18  Probe  
  21  1:27  Cybernetics Core  
  21  1:30  Probe  
  22  1:37  Pylon  
  22  1:42  Probe  
  23  1:55  Probe  
  23  1:56  Warp Gate  
  24  2:03  Stalker  
  24  2:04  Sentry  
  28  2:10  Pylon  
  28  2:28  Pylon  
  28  2:34  Probe  
  29  2:37  Phoenix  
  29  2:38  Sentry x2  
  33  2:53  Nexus  
  33  3:01  Probe  
  34  3:06  Stalker x2  
  38  3:16  Pylon  
  38  3:17  Probe  
  39  3:22  Phoenix  
  39  3:33  Probe  
  40  3:41  Probe  
  40  3:45  Stargate  
  41  3:50  Probe  
  42  3:59  Probe, Stalker x2  
  42  4:01  Probe  
  47  4:07  Probe, Stalker x2  
  47  4:09  Probe  
  48  4:15  Probe  
  50  4:19  Probe  
  50  4:23  Adept x2  
  56  4:27  Probe  
  56  4:28  Phoenix  
  59  4:31  Probe  
  59  4:36  Pylon  
  60  4:40  Probe  
  60  4:43  Probe  
  60  4:45  Shield Battery  
  62  4:55  Stalker  
  62  4:56  Adept  
  62  4:58  Probe  
  60  5:07  Probe  
  60  5:11  Probe  
  55  5:17  Robotics Facility  
  55  5:18  Probe, Forge  
  52  5:22  Probe  
  52  5:26  Probe  
  52  5:27  Stalker x2  
  57  5:30  Probe  
  59  5:36  Probe  
  59  5:42  Probe  
  61  5:52  Probe  
  61  5:55  Probe  
  62  5:57  Stalker x2  
  61  6:08  Probe  
  61  6:09  Probe  
  55  6:21  Probe  
  55  6:22  Probe  
  55  6:24  Stalker x2  
  59  6:30  Probe  
  59  6:32  Probe  
  56  6:39  Probe  
  55  6:40  Probe  
  53  6:47  Probe  
  53  6:49  Stalker x2  
  53  6:51  Probe  
  57  6:59  Probe, Protoss Ground Weapons Level 1  
  56  7:07  Probe  
  57  7:11  Assimilator  
  57  7:12  Assimilator, Pylon  
  57  7:15  Probe  
  57  7:17  Probe  
  59  7:23  Probe  
  59  7:25  Probe  
  59  7:26  Immortal  
  65  7:31  Probe  
  65  7:35  Probe  
  66  7:43  Probe  
  68  7:44  Twilight Council  
  68  7:47  Probe  
  69  7:54  Pylon  
  69  7:55  Probe  
  70  7:59  Probe  
  70  8:02  Sentry x2  
  70  8:05  Observer  
  76  8:08  Gateway  
  76  8:09  Gateway  
  76  8:15  Gateway  
  76  8:16  Gateway  
  76  8:20  Pylon  
  76  8:22  Charge  
  76  8:27  Warp Prism  
  76  8:34  Templar Archives  
  76  8:47  Gateway  
  76  8:48  Gateway  
  76  9:03  Immortal  
  80  9:14  Nexus  
  80  9:29  High Templar x2  
  80  9:30  Zealot x4  
  92  9:34  Pylon  
  92  9:36  Archon  
  92  9:46  Zealot  
  92  10:03  High Templar x2  
  92  10:04  Zealot x2  
  92  10:05  Zealot  
  92  10:06  Zealot x2  
  102  10:07  Archon  
  102  10:09  Pylon x2  
  92  10:16  Zealot  
Show
View Real Time Build Order
Export as new Build Order

Classic Protoss - Winner!

Build Orders: Oracle Opening, Phoenix Opening 

Get SALT Encoding   

  12  0:00  Probe  
  13  0:12  Probe  
  14  0:18  Pylon  
  14  0:24  Probe  
  15  0:32  Probe  
  15  0:38  Gateway  
  15  0:40  Probe  
  16  0:47  Assimilator  
  17  0:50  Probe  
  17  0:56  Assimilator  
  18  0:58  Probe  
  19  1:06  Probe  
  20  1:14  Gateway  
  20  1:17  Probe  
  21  1:26  Cybernetics Core  
  21  1:30  Probe  
  22  1:38  Pylon  
  22  1:42  Probe  
  23  1:56  Probe  
  24  2:04  Sentry, Stalker  
  24  2:05  Warp Gate  
  28  2:12  Pylon  
  28  2:27  Stargate  
  32  2:37  Phoenix  
  32  2:49  Probe  
  32  2:51  Nexus  
  29  2:56  Stalker  
  31  3:05  Stalker  
  35  3:25  Oracle, Probe, Pylon  
  36  3:37  Probe  
  38  3:47  Robotics Facility  
  38  3:49  Probe  
  38  3:52  Oracle  
  39  4:01  Probe  
  43  4:03  Probe  
  44  4:10  Adept x2  
  44  4:14  Probe x2  
  50  4:22  Probe x2  
  50  4:27  Pylon  
  50  4:30  Probe x2  
  52  4:35  Oracle  
  57  4:42  Probe x2  
  59  4:49  Forge  
  59  4:52  Adept x2  
  62  5:03  Probe x2  
  56  5:16  Twilight Council  
  56  5:17  Probe x2  
  58  5:21  Assimilator  
  58  5:23  Assimilator  
  58  5:25  Stalker x2  
  62  5:30  Photon Cannon  
  62  5:31  Probe x2  
  64  5:41  Pylon  
  64  5:43  Probe x2  
  64  5:46  Protoss Ground Weapons Level 1  
  66  5:51  Stalker  
  66  5:56  Stalker, Pylon  
  67  6:06  Immortal  
  63  6:20  Pylon  
  59  6:26  Stalker  
  59  6:28  Stalker  
  57  6:37  Probe x2  
  46  6:47  Immortal  
  46  6:51  Stalker  
  46  6:52  Probe x2  
  52  6:58  Stalker  
  52  7:00  Probe x2  
  58  7:08  Probe  
  58  7:09  Probe  
  58  7:10  Charge  
  58  7:11  Protoss Ground Weapons Level 2  
  59  7:16  Stalker  
  59  7:18  Pylon  
  59  7:21  Probe x2  
  59  7:22  Stalker  
  65  7:28  Shield Battery  
  65  7:33  Probe  
  66  7:41  Photon Cannon  
  66  7:42  Gateway  
  66  7:45  Observer  
  66  7:46  Gateway  
  67  7:54  Gateway  
  67  7:58  Gateway  
  67  8:02  Gateway  
  67  8:05  Sentry  
  69  8:07  Warp Prism  
  69  8:10  Gateway  
  69  8:12  Probe  
  72  8:33  Templar Archives  
  72  8:40  Nexus  
  72  8:43  Pylon  
  72  8:49  Zealot x2  
  76  8:58  Zealot x2  
  76  9:01  Pylon  
  80  9:11  High Templar x4  
  80  9:13  Zealot  
  80  9:15  Archon x2  
  90  9:19  Zealot  
  90  9:20  Zealot  
  93  9:30  Zealot  
  95  9:34  Pylon  
  95  9:47  High Templar  
  95  9:48  High Templar, Zealot  
  101  9:52  Pylon  
  101  9:53  Archon  
  101  9:54  Pylon  
  101  9:55  Zealot x5  
  101  10:19  Zealot x5  
  97  10:24  Zealot  
  93  10:28  Zealot  

Tags
 
Add a new tag
Caveats
  • Supply blocks, unpowered buildings, or Contaminate may cause inaccurate times.
  • Supply counts are checked every 10 seconds.